 Dungeon Crawl Stone Soup version 0.29-a0-643-ga013cefcf8 (webtiles) character file.

Game seed: 16047760987525421541

2498 CollectiveS the Basher (level 9, -4/54 (63) HPs)
             Began as a Demonspawn Fighter on June 19, 2022.
             Was an Initiate of Ashenzari.
             Killed by the air
             ... invoked by Gastronok
              (19 damage)
             ... on level 8 of the Dungeon.
             The game lasted 00:32:32 (11040 turns).

CollectiveS the Basher (Demonspawn Fighter)        Turns: 11040, Time: 00:32:33

HP:   -4/54 (63)    AC: 10    Str: 20    XL:     9   Next: 28%
MP:   9/9           EV:  7    Int: 10    God:    Ashenzari [......]
Gold: 396           SH:  8    Dex: 13    Spells: 6/8 levels left

rFire   . . .      SeeInvis .   y - +2 whip (freeze)
rCold   . . .      Faith    .   c - +0 buckler
rNeg    . . .      Spirit   .   N - +0 chain mail
rPois   .          Reflect  .   (helmet restricted)
rElec   .          Harm     .   e - +0 cloak
rCorr   .          Rampage  .   (no gloves)
Will    .....                   (no boots)
Stlth   ..........              (no amulet)
HPRegen 0.18/turn               (no ring)
MPRegen 0.11/turn               (no ring)

@: slowed, heavily drained, very slow
A: antennae 2, powered by death 1, condensation shield
a: Renounce Religion


You were on level 8 of the Dungeon.
You worshipped Ashenzari.
Ashenzari was noncommittal.
You visited 2 branches of the dungeon, and saw 9 of its levels.
You also visited: Bailey.

You collected 396 gold pieces.

Inventory:

Hand Weapons
 a - a +0 flail
 y - a +2 whip of freezing (weapon)
Missiles
 q - 2 poisoned darts (quivered)
 r - a throwing net
Armour
 c - a +0 buckler (worn)
 e - a +0 cloak (worn)
 N - a +0 chain mail (worn)
Jewellery
 u - a ring of wizardry
 v - an amulet of faith
Wands
 z - a wand of digging (7)
 H - a wand of paralysis (1)
Scrolls
 g - 3 scrolls of teleportation {unknown}
 k - a scroll of silence {unknown}
 l - a scroll of acquirement {unknown}
 n - 2 scrolls of enchant armour {unknown}
 o - 2 scrolls of blinking {unknown}
 p - a scroll of noise {unknown}
 t - a scroll of fear {unknown}
 A - a scroll of amnesia {unknown}
 B - 2 scrolls of magic mapping {unknown}
 C - a scroll of fog {unknown}
 E - a scroll of enchant weapon {unknown}
 G - a scroll of summoning {unknown}
 I - a scroll of poison {unknown}
 K - a scroll of immolation {unknown}
 L - a scroll of vulnerability {unknown}
Potions
 b - 2 potions of brilliance {unknown}
 d - a potion of might
 f - 3 potions of cancellation
 i - 6 potions of curing
 j - 3 potions of magic
 m - 2 potions of lignification
 s - a potion of ambrosia {unknown}
 w - a potion of invisibility
 x - 3 potions of mutation
 D - 3 potions of haste
 F - 11 potions of degeneration
 J - a potion of heal wounds {unknown}
 M - a potion of resistance


   Skills:
 - Level 3.1 Fighting
 + Level 11.5 Maces & Flails
 - Level 2.8 Armour
 - Level 2.8 Shields


You had 6 spell levels left.
You knew the following spells:

 Your Spells              Type           Power      Damage    Failure   Level
a - Blink                 Tloc           0%         N/A       100%        2

Your spell library contained the following spells:

 Spells                   Type           Power      Damage    Failure   Level
 Freeze                   Ice            0%         1d3       99%         1
 Static Discharge         Conj/Air       0%         N/A       100%        2
 Frozen Ramparts          Ice            0%         1d2       100%        3
 Dispel Undead            Necr           0%         3d6       100%        4
 Hailstorm                Conj/Ice       0%         3d3       100%        4
 Sticky Flame             Conj/Fire      0%         2d3       100%        4
 Manifold Assault         Tloc           0%         N/A       100%        5
 Storm Form               Tmut/Air       0%         N/A       100%        7


Dungeon Overview and Level Annotations

Branches:
Dungeon (8/15)             Temple (1/1) D:7          Bailey (visited)
   Lair: D:8-11

Altars:
Ashenzari
Cheibriados
Dithmenos
Elyvilon
Fedhas
Gozag
Hepliaklqana
Kikubaaqudgha
Makhleb
Nemelex Xobeh
Okawaru
Qazlal
Ru
Sif Muna
Trog
Uskayaw
Vehumet
Wu Jian
Xom
Yredelemnul
Zin
The Shining One

Annotations:
D:8 Gastronok


Innate Abilities, Weirdness & Mutations

You have a pair of antennae on your head.
You regenerate a little health from kills.
A meltable shield of frost defends you. (SH +4)


Message History

Gastronok puts on a burst of speed!
You block the shadow imp's attack. The shadow imp closely misses you.
You hit Gastronok. You freeze Gastronok.
Gastronok is lightly wounded.
Gastronok bites you! You block the shadow imp's attack.
You whack Gastronok! You freeze Gastronok.
Gastronok is lightly wounded.
The shadow imp barely misses you.
You hit Gastronok. You freeze Gastronok.
Gastronok is lightly wounded.
Gastronok bites you but does no damage. The shadow imp barely misses you.
You hit Gastronok. You freeze Gastronok.
Gastronok is lightly wounded.
You whack Gastronok! You freeze Gastronok.
Gastronok is moderately wounded.
The shadow imp shouts, "Get thee gone, thou dissembling toenail-biting boar-pig!"
The shadow imp barely misses you.
You hit Gastronok but do no damage.
Gastronok is moderately wounded.
Gastronok glows a brilliant shade of cerise.
The shadow imp barely misses you.
You whack Gastronok! You freeze Gastronok.
Gastronok is moderately wounded.
You whack Gastronok! You freeze Gastronok.
Gastronok is moderately wounded.
The shadow imp hits you but does no damage.
Gastronok bites you!!
Ouch! That really hurt!
* * * LOW HITPOINT WARNING * * *
You hit Gastronok. You freeze Gastronok.
Gastronok is heavily wounded.
The shadow imp barely misses you.
You completely miss Gastronok.
Gastronok is heavily wounded.
The shadow imp hits you but does no damage.
You hit Gastronok. You freeze Gastronok.
Gastronok is heavily wounded.
Gastronok waves his eye-stalks in wide circles.
The air twists around and strikes you!!
You die...

#.####.....#
#.#..#)....#
#.##.#####.#
#.##.# #)#
#))).# #)#
####.#
#)##### #.#
#.)...# #.#
#####.# #@#
#.#
#5w......
#.#
....#####
#.# ####.#
#.# .# #.#
.# #.# . #.#
# #.# #.#


You could see Gastronok (swift) and a shadow imp.

Vanquished Creatures
  Pikel (D:5)
  Sigmund (D:5)
  Duvessa (D:5)
  2 ice beasts
  A black bear (D:4)
  2 centaurs (D:7)
  4 lemures (D:5)
  2 bullfrogs
  7 scorpions (D:5)
  Dowan (D:5)
  2 gnoll shamans
  3 hounds
  Crazy Yiuf (D:2)
  3 orc priests
  Natasha (D:2)
  An iguana (D:7)
  4 orc wizards
  7 adders
  18 gnolls
  A white imp (D:6)
  An ufetubus (D:6)
  A worm (D:2)
  18 orcs
  3 ball pythons
  6 endoplasms
  3 giant cockroaches
  9 goblins
  8 hobgoblins
  4 jackals
  5 quokkas
  14 bats
  7 frilled lizards
  7 kobolds
  8 rats
157 creatures vanquished.

Vanquished Creatures (others)
  6 fungi (D:5)
  5 plants (D:5)
11 creatures vanquished.

Grand Total: 168 creatures vanquished

Notes
Turn   | Place    | Note
-------+----------+-------------------------------------------
     0 | D:1      | CollectiveS the Demonspawn Fighter began the quest for the
                  | Orb.
     0 | D:1      | Reached XP level 1. HP: 18/18 MP: 1/1
   201 | D:1      | Reached skill level 2 in Maces & Flails
   207 | D:1      | Gained mutation: A meltable shield of frost defends you.
                  | (SH +4) [demonic ancestry]
   207 | D:1      | Reached XP level 2. HP: 22/24 MP: 2/2
   813 | D:2      | Found a faded altar of an unknown god.
   875 | D:2      | Gained mutation: You have a pair of small antennae on your
                  | head. [demonic ancestry]
   875 | D:2      | Reached XP level 3. HP: 19/29 MP: 3/3
  1155 | D:2      | Found a runed translucent door.
  1156 | D:2      | Noticed Crazy Yiuf
  1187 | D:2      | Reached skill level 3 in Maces & Flails
  1807 | D:2      | Noticed Natasha
  1817 | D:2      | Killed Natasha
  1818 | D:2      | Reached XP level 4. HP: 9/35 MP: 4/4
  2730 | D:3      | Found a basalt altar of Yredelemnul.
  3010 | D:3      | Identified the -1 buckler "Dolosos" {Fly rF+ Will+ Str-3}
  3072 | D:3      | Reached skill level 4 in Maces & Flails
  3442 | D:4      | Reached XP level 5. HP: 29/41 MP: 5/5
  4324 | D:5      | Entered Level 5 of the Dungeon
  4324 | D:5      | Noticed an ice beast
  4351 | D:5      | Noticed Sigmund
  4475 | D:5      | Learned a level 2 spell: Blink
  4502 | D:5      | Reached skill level 5 in Maces & Flails
  4741 | D:5      | Identified the +1 chain mail "Kuyvo" {Rampage *Slow rElec}
  5217 | D:5      | Gained mutation: You regenerate a little health from kills.
                  | [demonic ancestry]
  5217 | D:5      | Reached XP level 6. HP: 22/47 MP: 6/6
  5610 | D:4      | Reached skill level 6 in Maces & Flails
  5717 | D:5      | Noticed Duvessa
  5718 | D:5      | Noticed Dowan
  5815 | D:5      | Killed an ice beast
  5869 | D:5      | Killed Sigmund
  5870 | D:5      | Reached skill level 7 in Maces & Flails
  5870 | D:5      | Reached XP level 7. HP: 52/52 MP: 7/7
  6004 | D:5      | Killed Duvessa
  6005 | D:5      | Reached skill level 8 in Maces & Flails
  6054 | D:5      | Killed Dowan
  6112 | D:5      | Gained mutation: You have a pair of antennae on your head.
                  | [demonic ancestry]
  6112 | D:5      | Reached XP level 8. HP: 27/58 MP: 8/8
  6351 | D:5      | Noticed Pikel
  6466 | D:5      | Killed Pikel
  6467 | D:5      | Reached skill level 9 in Maces & Flails
  6498 | D:5      | Reached skill level 10 in Maces & Flails
  8126 | D:2      | Killed Crazy Yiuf
  8499 | D:7      | Reached XP level 9. HP: 61/63 MP: 9/9
  8571 | D:7      | Reached skill level 11 in Maces & Flails
  8712 | D:7      | Found a staircase to the Ecumenical Temple.
  8735 | Temple   | Entered the Ecumenical Temple
  9050 | Temple   | Became a worshipper of Ashenzari the Shackled
 10043 | D:8      | Found a flagged portal.
 10090 | Bailey   | Entered a bailey
 11023 | D:8      | Noticed Gastronok
 11040 | D:8      | Killed from afar by Gastronok

Illustrated notes

Levels and vault maps discovered:
D:1:      dpeg_arrival_simpleton_a, layout_rooms, chequers_mini_garden
D:2:      layout_loops_cross, basic_ecumenical_altar, serial_rivers,
          chequers_serial_rivers_large_b, chequers_serial_rivers_room_a,
          chequers_serial_rivers_small_3, chequers_serial_rivers_micro_c,
          uniq_crazy_yiuf_cottage, uniq_natasha
D:3:      layout_basic, mainiacjoe_overflow_alcove_2
D:4:      layout_cave_pools, grunt_ministairs_6, minivault_5, dk_noncrumbling_3,
          roderic_roman_lattice, kennysheep_generic_room_5
D:5:      old_forge, layout_loops_ring, uniq_duvessa, uniq_pikel, uniq_sigmund
D:6:      layout_loops_ring, dk_rats_in_the_wall
D:7:      layout_basic, minmay_temple_entry_proselytizer
D:8:      layout_loops_ring, enter_bailey_7, kennysheep_pointless_box,
          uniq_prince_ribbit1, uniq_maurice, uniq_gastronok, uniq_grum
Temple:   mainiacjoe_temple_starburst

Skill      XL: |  1  2  3  4  5  6  7  8  9 |
---------------+----------------------------+-----
Maces & Flails | 2 3 4 5 7 8 10 11 | 11.5
Fighting       | |  3.1
Armour         | |  2.8
Shields        | |  2.8

Action                   |  1- 3 |  4- 6 |  7- 9 || total
-------------------------+-------+-------+-------++-------
Melee: Flail             |   158 |   204 |   115 ||   477
       Whip              |       |       |   294 ||   294
Evoke: Wand              |       |     3 |    11 ||    14
  Use: Potion            |     1 |       |       ||     1
       Scroll            |       |       |     7 ||     7
 Stab: Paralysed         |       |    13 |    13 ||    26
       Held in net/web   |       |       |     2 ||     2
Armor: Scale mail        |    59 |    58 |    90 ||   207
       Chain mail        |       |       |     7 ||     7
Dodge: Dodged            |    62 |    71 |   102 ||   235
Block: Buckler           |    70 |    92 |   118 ||   280

Table legend: (Time is in decaauts)
 A = Elapsed time spent in this place.
 B = Non-inter-level travel time spent in this place.
 C = Inter-level travel time spent in this place.
 D = Time resting spent in this place.
 E = Time spent auto-exploring this place.
 F = Levels seen in this place.
 G = Mean time per level.
                   A        B        C        D        E       F      G
               +--------+--------+--------+--------+--------+-----+--------+
         Total |  11062 |   9747 |   1315 |   2465 |   4424 |  10 | 1106.2 |
       Dungeon |   9687 |   8453 |   1234 |   2188 |   3774 |   8 | 1210.9 |
        Temple |    739 |    658 |     81 |      0 |    650 |   1 |  739.0 |
        Bailey |    635 |    635 |      0 |    277 |      0 |   1 |  635.0 |
               +--------+--------+--------+--------+--------+-----+--------+

Top non-repeatable levels by time:
     D:5: 1959 daAuts
     D:2: 1812 daAuts
     D:4: 1515 daAuts
     D:3: 1164 daAuts
     D:6: 1100 daAuts
     D:7: 897 daAuts
     D:1: 836 daAuts
  Temple: 739 daAuts
  Bailey: 635 daAuts
     D:8: 401 daAuts
